 Dungeon Crawl Stone Soup version 0.32-a0-699-g1ee5eff69a (webtiles) character file.

Game seed: 11998010133588793480

210 senseless the Insei (level 5, -6/42 HPs)
             Began as a Demigod Shapeshifter on Mar 13, 2024.
             Killed by divine providence
             ... invoked by an orc priest
              (17 damage)
             ... on level 3 of the Dungeon.
             The game lasted 00:04:33 (2405 turns).

senseless the Insei (Demigod Shapeshifter)          Turns: 2405, Time: 00:04:34

Health: -6/42      AC: 14    Str: 15    XL:     5   Next: 31%
Magic:  7/7        EV: 11    Int: 12    God:
Gold:   112        SH:  0    Dex: 17    Spells: 4/4 levels left

rFire   x x          .
                       - Unarmed
rCold   x x .        (no shield)
rNeg    . . .        f - +1 ring mail
rPois   +            l - melded +0 helmet
rElec   .            (cloak currently unavailable)
rCorr   .            (gloves currently unavailable)
SInv    .            (boots currently unavailable)
Will    .....        a - amulet of Elemental Vulnerability {rPois rF-- rC-- AC+8}
Stlth   +            (no ring)
HPRegen 0.27/turn    (no ring)
MPRegen 0.10/turn

%: no passive effects
@: beast-form
A: beast (slay +2), high MP 1, forlorn, divine attributes
a: Begin Untransformation


You were on level 3 of the Dungeon.
You were a hulking beast.
You visited 1 branch of the dungeon, and saw 3 of its levels.

You collected 112 gold pieces.

Inventory:

Hand Weapons
 h - a +2 dagger of speed
Missiles
 i - 4 poisoned darts (quivered)
Armour
 f - a +1 ring mail (worn)
 l - a +0 helmet (melded)
Jewellery
 a - the amulet of Elemental Vulnerability (around neck) {rPois rF-- rC-- AC+8}
   (You found it on level 2 of the Dungeon)

   [amulet of nothing]

   AC+8:      It affects your AC (+8).
   rF--:      It makes you very vulnerable to fire.
   rC--:      It makes you very vulnerable to cold.
   rPois:     It protects you from poison.
Talismans
 c - a beast talisman (active)
 d - a flux talisman
Scrolls
 e - a scroll of teleportation
 k - a scroll of enchant weapon
 m - a scroll of revelation {unknown}
 n - a scroll of identify
Potions
 b - a potion of lignification
 g - a potion of enlightenment
 j - 2 potions of might
 o - a potion of heal wounds {unknown}


   Skills:
 + Level 2.4 Fighting
 + Level 3.1 Dodging
 + Level 3.6 Unarmed Combat
 + Level 3.5 Shapeshifting


You had 4 spell levels left.
You didn't know any spells.
Your spell library contained the following spells:

 Spells                   Type           Power      Damage    Failure   Level
 Inner Flame              Hex/Fire       0%         N/A       89%         3
 Irradiate                Conj/Alch      0%         3d11      100%        5
 Ignition                 Fire           0%         3d3       100%        8


Dungeon Overview and Level Annotations

Branches:
Dungeon (3/15)


Innate Abilities, Weirdness & Mutations

You are a hulking beast.
Your limbs bulge with bestial killing power. (Slay +2)
You have an increased reservoir of magic. (+10% MP)
You shall have no god before yourself.
Your divine heritage dramatically boosts your attributes as you level up.


Message History

The orc priest is severely wounded.
An orc priest comes into view. It is wielding a +0 short sword.
The orc priest calls down the wrath of Beogh upon you.
Pain shoots through your body! The orc misses you.
The orc priest shouts!
You hit the orc priest.
The orc priest is almost dead.
You kill the orc priest!
The orc hits you with a +2 mace of protection.
You hit the orc priest.
The orc priest is moderately wounded.
The orc priest hits you but does no damage.
The orc closely misses you.
You barely miss the orc priest.
The orc priest is moderately wounded.
The orc priest barely misses you. The orc barely misses you.
You hit the orc priest.
The orc priest is heavily wounded.
The orc priest calls down the wrath of Beogh upon you.
Beogh smites you! The orc misses you.
You hit the orc priest.
The orc priest is heavily wounded.
The orc priest hits you but does no damage.
The orc priest hits you with a +0 short sword.
The orc hits you but does no damage.
You hit the orc priest.
The orc priest is severely wounded.
The orc priest closely misses you. The orc priest barely misses you.
The orc closely misses you.
You hit the orc priest but do no damage.
The orc priest is severely wounded.
The orc priest closely misses you. x2; The orc misses you.
You closely miss the orc priest.
The orc priest is severely wounded.
The orc priest hits you with a +0 short sword.
The orc hits you with a +2 mace of protection.
* * * LOW HITPOINT WARNING * * *
The orc priest invokes the aid of Beogh against you.
Beogh smites you!
You die...

#..................
#.#........#######.#.
###.#####........# #.##
...#####.##.....# #...
#........#.....# #.#.
#........#.....# #.##
.###........#####.......
#.....o...............##
#..<..oh##†######.
#.....o?......# ...
#####(#.#.....# ...#
#(#.#.....# ....
#.#......... .... #
#####.....# #.#. .......
.... ### .. #.. ...##..


You could see 2 orc priests and an orc.

Vanquished Creatures
  An orc priest (D:3)
  Natasha (thrice) (D:2)
  Robin (D:3)
  2 adders
  2 dart slugs
  5 ball pythons
  3 bats
  5 endoplasms (D:1)
  A giant cockroach (D:2)
  11 goblins
  6 hobgoblins
  3 jackals (D:2)
  5 kobolds
  8 quokkas
  5 frilled lizards
  9 rats
70 creatures vanquished.

Notes
Turn   | Place    | Note
-------+----------+-------------------------------------------
     0 | D:1      | senseless the Demigod Shapeshifter began the quest for the
                  | Orb.
     0 | D:1      | Reached XP level 1. HP: 15/15 MP: 3/3
    30 | D:1      | Reached skill level 1 in Fighting
   236 | D:1      | Reached XP level 2. HP: 16/23 MP: 4/4
   897 | D:1      | Reached XP level 3. HP: 26/28 MP: 5/5
  1167 | D:2      | Found the amulet of Elemental Vulnerability {rPois rF--
                  | rC-- AC+8}
  1518 | D:2      | Noticed Natasha
  1531 | D:2      | Killed Natasha
  1608 | D:2      | Reached XP level 4. HP: 34/36 MP: 6/6
  1921 | D:2      | Noticed Natasha
  1933 | D:2      | Killed Natasha
  1988 | D:2      | Noticed Natasha
  1997 | D:2      | Killed Natasha
  2217 | D:3      | Noticed Robin
  2226 | D:3      | Killed Robin
  2236 | D:3      | Reached XP level 5. HP: 30/41 MP: 7/7
  2405 | D:3      | Killed from afar by an orc priest

Illustrated notes

Levels and vault maps discovered:
D:1:      evilmike_arrival_hilbert_curve, layout_loops_corners,
          bh_walls_and_bars
D:2:      layout_loops_corners, basic_ecumenical_altar, grunt_ministairs_15,
          uniq_natasha
D:3:      layout_basic, nicolae_dithmenos_through_a_glass_darkly,
          gammafunk_ghost_necromancy, uniq_robin, uniq_crazy_yiuf_cottage

Skill      XL: |  1  2  3  4  5 |
---------------+----------------+-----
Fighting       | 1 2 |  2.4
Dodging        | 2 3 |  3.1
Unarmed Combat | 3 |  3.6
Shapeshifting  | 3 |  3.5

Action                     |  1- 3 |  4- 6 || total
---------------------------+-------+-------++-------
  Melee: Unarmed           |   132 |    86 ||   218
         Punch             |     1 |       ||     1
  Throw: Dart              |     4 |    16 ||    20
    Use: Scroll            |     4 |     2 ||     6
   Stab: Sleeping          |     1 |       ||     1
 Armour: Ring mail         |    77 |    49 ||   126
         Animal skin       |     4 |       ||     4
  Dodge: Dodged            |    81 |    62 ||   143
         Form:             |       |     1 ||     1
         Beast             |       |     1 ||     1

Table legend: (Time is in decaauts)
 A = Elapsed time spent in this place.
 B = Non-inter-level travel time spent in this place.
 C = Inter-level travel time spent in this place.
 D = Time resting spent in this place.
 E = Time spent auto-exploring this place.
 F = Levels seen in this place.
 G = Mean time per level.
                   A        B        C        D        E       F      G
               +--------+--------+--------+--------+--------+-----+--------+
         Total |   2405 |   2261 |    144 |      4 |   1796 |   3 |  801.7 |
       Dungeon |   2405 |   2261 |    144 |      4 |   1796 |   3 |  801.7 |
               +--------+--------+--------+--------+--------+-----+--------+

Top non-repeatable levels by time:
     D:1: 1156 daAuts
     D:2: 995 daAuts
     D:3: 254 daAuts
